 Dungeon Crawl Stone Soup version 0.31-a0-145-g046c7d2549 (webtiles) character file.

Game seed: 14896508981446388772

52 Faragor the Firebug (level 3, -2/19 HPs)
             Began as a Deep Elf Fire Elementalist on June 6, 2023.
             Slain by Grinder (5 damage)
             ... while paralysed by Grinder
             ... on level 3 of the Dungeon.
             The game lasted 00:04:10 (3832 turns).

Faragor the Firebug (Deep Elf Fire Elementalist)    Turns: 3832, Time: 00:04:11

Health: -2/19      AC:  2    Str:  5    XL:     3   Next: 60%
Magic:  8/10       EV:  2    Int: 21    God:
Gold:   87         SH:  0    Dex: 15    Spells: 8/9 levels left

rFire   . . .        g - +2 dagger (flame)
rCold   . . .        h - orb {*channel}
rNeg    . . .        a - +0 robe
rPois   .            (no helmet)
rElec   .            (no cloak)
rCorr   .            (no gloves)
SInv    .            (no boots)
Will    .....        (no amulet)
Stlth   ++           (no ring)
HPRegen 0.23/turn    (no ring)
MPRegen 0.12/turn

%: channel magic (20%)
@: paralysed, very slightly contaminated
A: no striking features
a: no special abilities


You were on level 3 of the Dungeon.
You visited 1 branch of the dungeon, and saw 3 of its levels.

You collected 87 gold pieces.

Inventory:

Hand Weapons
 g - a +2 dagger of flaming (weapon)
Armour
 a - a +0 robe (worn)
 h - an orb of energy (worn)
Scrolls
 c - 3 scrolls of identify {unknown}
 d - a scroll of noise {unknown}
 e - a scroll of teleportation {unknown}
 i - a scroll of enchant armour {unknown}
 l - 2 scrolls of fog {unknown}
 m - a scroll of immolation {unknown}
Potions
 b - 2 potions of magic
 f - a potion of resistance {unknown}
 j - 2 potions of attraction {unknown}
 k - a potion of berserk rage {unknown}


   Skills:
 - Level 2.9 Dodging
 + Level 3.2 Stealth
 * Level 3.7 Spellcasting
 + Level 1.9 Conjurations
 + Level 3.7 Fire Magic


You had 8 spell levels left.
You knew the following spells:

 Your Spells              Type           Power      Damage    Failure   Level
a - Foxfire               Conj/Fire      60%        2x1d7     12%         1

Your spell library contained the following spells:

 Spells                   Type           Power      Damage    Failure   Level
 Scorch                   Fire           38%        2d7       13%         2
 Inner Flame              Hex/Fire       11%        N/A       36%         3
 Volatile Blastmotes      Fire/Tloc      22%        2d11      36%         3
 Flame Wave               Conj/Fire      15%        2d7       58%         4


Dungeon Overview and Level Annotations

Branches:
Dungeon (3/15)

Altars:

Annotations:
D:3 Grinder


Message History

You don't know that spell.
Your foxfire dissipates!
The foxfire hits Grinder.
Grinder is lightly wounded.
Grinder says, "Just stop there for a second..."
Grinder gestures at you. Pain shoots through your body!
Casting: Foxfire (safe; 12% risk of failure)
Confirm with . or Enter, or press ? or * to list all spells.
You miscast Foxfire.
You are very lightly contaminated with residual magic.
Nothing appears to happen.
Magical energy flows into your mind!
Unknown command.
Grinder attacks as you move away! Grinder closely misses you.
Grinder gestures at you. Pain shoots through your body!
Casting: Foxfire (safe; 12% risk of failure)
Confirm with . or Enter, or press ? or * to list all spells.
You miscast Foxfire.
Nothing appears to happen.
Magical energy flows into your mind!
Unknown command.
Casting: Foxfire (safe; 12% risk of failure)
Confirm with . or Enter, or press ? or * to list all spells.
You conjure some foxfire!
Grinder closely misses you.
Unknown command.
Casting: Foxfire (safe; 12% risk of failure)
Confirm with . or Enter, or press ? or * to list all spells.
You conjure some foxfire!
The foxfire hits Grinder.
Grinder is lightly wounded.
The foxfire hits Grinder.
Grinder is lightly wounded.
Grinder gestures at you.
You suddenly lose the ability to move!
The foxfire hits Grinder.
Grinder is lightly wounded.
Grinder says, "Just stop there for a second..."
Grinder hits you!
You writhe in agony.
* * * LOW HITPOINT WARNING * * *
Grinder hits you.
You die...

###...........###.#..............
#...........#...#.#####........
#.............#.#.#...#........
############..).#.#.#.#..#..... #
##...#.#.#.#..#..... #
###.#...#.#........ #
#.#####.#.#......
#################.......#.#......
.....#.#.#.#.#.#@5#####.#........
#####.#.#.<.#.#.#.#.5.#.#.#......
##.#.#.#.#.#ยง.#.#.#.#........
#.#.#.#.#.#.#.#.#.#.#.#.#.###
..#.#.#.#.#.#..#.#...#...(.###
.##.#.#.#.#.#.#.#.#####.#...... #
##.#.#.#.#.#..#5.............
..#.#.#.#.#.#.#.#####.#.#....
##.#.# #.#.#..#.# #.....#..


You could see Grinder.

Vanquished Creatures
  An adder (D:2)
  2 worms (D:2)
  A dart slug (D:1)
  5 orcs (D:3)
  3 endoplasms
  2 giant cockroaches
  4 goblins
  A hobgoblin (D:1)
  3 jackals (D:1)
  A quokka (D:3)
  2 bats
  2 kobolds (D:2)
  A rat (D:1)
28 creatures vanquished.

Vanquished Creatures (others)
  145 foxfires
145 creatures vanquished.

Grand Total: 173 creatures vanquished

Notes
Turn   | Place    | Note
-------+----------+-------------------------------------------
     0 | D:1      | Faragor the Deep Elf Fire Elementalist began the quest for
                  | the Orb.
     0 | D:1      | Reached XP level 1. HP: 10/10 MP: 6/6
   513 | D:1      | Found a faded altar of an unknown god.
   531 | D:1      | Reached XP level 2. HP: 15/15 MP: 0/8
  2711 | D:2      | Reached XP level 3. HP: 19/19 MP: 5/9
  3803 | D:3      | Noticed Grinder
  3830 | D:3      | Paralysed by Grinder for 4 turns
  3832 | D:3      | Slain by Grinder

Illustrated notes

Levels and vault maps discovered:
D:1:      eino_arrival_water_cross, layout_loops_ring,
          hellmonk_ecumenical_altar_dog_temple
D:2:      layout_rooms
D:3:      layout_basic, nzn_wu_jian_contemplation, roderic_lattice_a,
          columned_hall_lemuel, uniq_grinder

Skill      XL: |  1  2 |
---------------+-------+-----
Stealth        | 3 |  3.2
Dodging        | |  2.9
Spellcasting   | |  3.7
Conjurations   | |  1.9
Fire Magic     | |  3.7

Action                     || total
---------------------------++-------
  Melee: Unarmed           ||     7
   Cast: Foxfire           ||   101
 Armour: Robe              ||     6
  Dodge: Dodged            ||    15

Table legend: (Time is in decaauts)
 A = Elapsed time spent in this place.
 B = Non-inter-level travel time spent in this place.
 C = Inter-level travel time spent in this place.
 D = Time resting spent in this place.
 E = Time spent auto-exploring this place.
 F = Levels seen in this place.
 G = Mean time per level.
                   A        B        C        D        E       F      G
               +--------+--------+--------+--------+--------+-----+--------+
         Total |   3830 |   3725 |    105 |   2140 |   1355 |   3 | 1276.7 |
       Dungeon |   3830 |   3725 |    105 |   2140 |   1355 |   3 | 1276.7 |
               +--------+--------+--------+--------+--------+-----+--------+

Top non-repeatable levels by time:
     D:1: 1623 daAuts
     D:2: 1477 daAuts
     D:3: 729 daAuts
